 Dungeon Crawl Stone Soup version 0.30-a0-29-g142975f185 (webtiles) character file.

Game seed: 16924063833753726627

165245 Flugkiller the Severer (level 17, -7/159 HPs)
             Began as a Minotaur Fighter on Aug 26, 2022.
             Was the Champion of Qazlal.
             Mangled by a naga warrior
             ... wielding a +0 halberd
              (46 damage)
             ... on level 4 of the Snake Pit.
             The game lasted 00:15:17 (30861 turns).

Flugkiller the Severer (Minotaur Fighter)          Turns: 30861, Time: 00:15:18

Health: -7/159     AC: 29    Str: 26    XL:     17   Next: 27%
Magic:  26/26      EV:  0    Int:  5    God:    Qazlal [******]
Gold:   3604       SH: 40    Dex: 16    Spells: 16/16 levels left

rFire   + + .      SeeInvis .    K - +4 broad axe (vorpal)
rCold   + . .      Faith    .    e - +18 shield of the Gong {rElec rN+ Will+ EV-5}
rNeg    + . .      Spirit   .    N - +0 crystal plate armour
rPois   +          Reflect  .    E - +1 hat {Stlth+}
rElec   +          Harm     .    (no cloak)
rCorr   .          Rampage  +    (no gloves)
Will    ++...                    Q - +2 pair of boots {rampage}
Stlth   ..........               M - amulet of the acrobat
HPRegen 0.36/turn                W - ring "Niox" {+Blink rF+ rC+ Str+3}
MPRegen 0.20/turn                o - ring of poison resistance

@: lethally poisoned (-7 -> -16), protected from fire, studying Invocations,
repel missiles
A: horns 2, retaliatory headbutt
a: Renounce Religion, Evoke Blink, Upheaval, Elemental Force, Disaster Area


You were on level 4 of the Snake Pit.
You worshipped Qazlal.
Qazlal was exalted by your worship.
You visited 4 branches of the dungeon, and saw 26 of its levels.
You also visited: Sewer and Bailey.

You collected 4527 gold pieces.
You spent 923 gold pieces at shops.

Inventory:

Hand Weapons
 K - a +4 vorpal broad axe (weapon)
   (You took it off a gnoll in a bailey)
Missiles
 m - 17 boomerangs (quivered)
 J - 10 throwing nets
Armour
 e - the +18 shield of the Gong (worn) {rElec rN+ Will+ EV-5}
   (You found it on level 13 of the Dungeon)

   It is deafeningly noisy when blocking attacks.
   EV:        It affects your evasion (-5).
   rElec:     It insulates you from electricity.
   rN:        It protects you from negative energy.
   Will:      It increases your willpower.
 E - a +1 hat of stealth (worn)
   (You took it off Gastronok on level 2 of the Lair of Beasts)
 N - a +0 crystal plate armour (worn)
   (You took it off a gnoll sergeant in a bailey)
 Q - a +2 pair of boots of rampaging (worn)
   (You found it on level 9 of the Dungeon)
 V - a +1 tower shield of reflection
   (You bought it in a shop on level 13 of the Dungeon)
Jewellery
 a - the ring of Jusuntaa {rF+ AC+4}
   (You found it on level 11 of the Dungeon)

   [ring of protection]

   AC:        It affects your AC (+4).
   rF:        It protects you from fire.
 f - a ring of protection from fire
   (You found it on level 15 of the Dungeon)
 j - a +4 ring of slaying
   (You found it on level 8 of the Dungeon)
 k - a ring of resist corrosion
   (You found it on level 2 of the Snake Pit)
 o - a ring of poison resistance (right hand)
   (You found it on level 5 of the Lair of Beasts)
 M - an amulet of the acrobat (around neck)
   (You found it on level 5 of the Dungeon)
 R - a +4 ring of protection
   (You found it on level 14 of the Dungeon)
 W - the ring "Niox" (left hand) {+Blink rF+ rC+ Str+3}
   (You bought it in a shop on level 13 of the Dungeon)

   [ring of protection from cold]

   Str:       It affects your strength (+3).
   rF:        It protects you from fire.
   rC:        It protects you from cold.
   +Blink:    It lets you blink.
Wands
 g - a wand of iceblast (7)
   (You found it on level 1 of the Lair of Beasts)
 n - a wand of charming (10)
   (You found it on level 1 of the Lair of Beasts)
 H - a wand of quicksilver (38)
   (You took it off Dowan on level 6 of the Dungeon)
Scrolls
 b - 3 scrolls of brand weapon
 i - 5 scrolls of immolation
 l - 6 scrolls of magic mapping
 p - a scroll of enchant weapon
 t - 9 scrolls of teleportation
 u - 6 scrolls of vulnerability
 x - 5 scrolls of enchant armour
 z - 2 scrolls of fear
 O - a scroll of silence
Potions
 c - 3 potions of invisibility
 d - 5 potions of might
 h - 2 potions of haste
 q - 8 potions of curing
 s - 5 potions of mutation
 v - 3 potions of cancellation
 w - 7 potions of heal wounds
 y - 6 potions of lignification
 A - 2 potions of ambrosia
 C - 2 potions of magic {unknown}
 G - 2 potions of resistance {unknown}
 U - 2 potions of flight
Miscellaneous
 F - a condenser vane
   (You found it in a bailey)
 L - a piece from Xom's chessboard (15/15)
   (You found it in a bailey)


   Skills:
 + Level 16.3 Fighting
 - Level 18.0 Axes
 + Level 16.3 Armour
 + Level 15.8 Shields
 + Level 14.3 Invocations
 + Level 7.2 Evocations


You had 16 spell levels left.
You didn't know any spells.
Your spell library was empty.

Dungeon Overview and Level Annotations

Branches:
Dungeon (15/15) Temple (0/1) D:5 Lair (5/5) D:9 Shoals (0/4) Lair:2 Snake (4/4) Lair:2 Slime (0/5) Lair:4 Orc (2/2) D:10 Elf (0/3) Orc:2 Vaults (0/5) D:14 D:15 Depths (0/4) D:15 Sewer (visited) Bailey (visited)

Altars:
Ashenzari
Elyvilon
Hepliaklqana
Kikubaaqudgha
Makhleb
Nemelex Xobeh
Qazlal
Ru
Sif Muna
Trog
Uskayaw
Vehumet
Yredelemnul
Zin
The Shining One

Shops:
D:9 ?   D:11 (   D:13 *   Orc:2 :!:[

Annotations:
D:5 exclusion: statue
D:10 2 transporters, PeterMcNeter's ghost, journeyman MiFi
D:15 Roxanne


Innate Abilities, Weirdness & Mutations

You have a pair of horns on your head.
You reflexively headbutt those who attack you in melee.


Message History

You hear a shout!
You hear an angry hiss.
You barely miss the salamander. You headbutt the salamander!
The salamander is almost dead.
You hit the salamander. You miss the anaconda.
You feel very sick. You block the salamander's attack.
GONNNNG!
You block the naga ritualist's attack.
GONNNNG!
You block the anaconda's attack.
GONNNNG!
The anaconda bites you! The naga hits you but does no damage.
You block the salamander's attack.
BONNNG!
You hear a shout!
You hear an angry hiss.
You slash the salamander!
You kill the salamander!
Qazlal accepts your kill.
You slice the salamander!! You barely miss the anaconda.
You feel very sick.
You are more poisoned.
The naga mage gestures wildly while chanting.
The naga mage seems to speed up.
The naga warrior roars a battlecry!
The nagas go into a battle-frenzy!
You block the salamander's attack.
BONNNG!
You block the naga ritualist's attack.
GONNNNG!
The anaconda grabs you. You block the anaconda's attack.
GONNNNG!
The anaconda constricts you.
You hear a shout!
You hit the anaconda.
You headbutt the anaconda, but do no damage.
The anaconda is lightly wounded.
You barely miss the salamander.
You feel very sick.
You hear a shout!
You block the naga mage's attack.
GONNNNG!
You block the salamander's attack.
PANG!
The naga hits you from afar with a +0 halberd.
You block the anaconda's attack.
PTOANNNG!
The anaconda constricts you. You block the naga ritualist's attack.
GONNNNG!
The naga sharpshooter shoots an arrow.
PANG!
You block the arrow.
The salamander hits you but does no damage.
The naga spits poison at you.
The splash of poison hits you but does no damage.
You are more poisoned.
You resist.
You hear an angry hiss.
You hear a shout! x2
You are too injured to fight recklessly!
You are too injured to fight recklessly!
You are too injured to fight recklessly!
Unknown command.
You cut the salamander into ribbons!!!
You kill the salamander!
Qazlal accepts your kill.
You hit the anaconda.
You feel very sick.
You hear a shout!
You block the naga mage's attack.
BOUMMMMG!
You block the salamander's attack.
GONNNNG!
You block the naga's attack.
BOUMMMMG!
You block the naga mage's attack.
GONNNNG!
The anaconda bites you. The anaconda constricts you.
* * * LOW HITPOINT WARNING * * *
You hear a shout!
You hear an angry hiss.
You hear a shout! x3
A naga sharpshooter comes into view. It is wielding a +0 flail.
You are too injured to fight recklessly!
You escape the anaconda's grasp.
You feel very sick.
You hear a shout! x2
* * * LOW HITPOINT WARNING * * *
You block the salamander's attack.
GONNNNG!
The black mamba misses you. You furiously retaliate!
You headbutt the black mamba, but do no damage.
A naga comes into view. It is wielding a +0 short sword.
The naga sharpshooter moves out of view.
You hear an angry hiss.
There is a stone staircase leading up, spattered with blood here.
Things that are here:
a +0 spear; a +0 robe; a +1 dagger of venom You feel very sick.
You block the black mamba's attack.
BONNNG!
The anaconda is engulfed in freezing vapours.
You block the salamander's attack.
GONNNNG!
The naga warrior hits you from afar with a +0 halberd!!!
You die...

. .... ..##
##≈.#.. N.. #..
..# ..###
#.....##.(...
#...#.....?..
#...[N[..#.# #.
#NNN...##
##.N##S##[...#
#..N○S@NS..)..
#..#.°####.....
...NN #.#.
##.##N # # #N
#. #. ..


You could see a naga warrior (strong), a naga sharpshooter (strong), a
salamander (strong), an anaconda (slow), a naga ritualist (toxic aura, curare),
2 black mambas, a naga mage (fast) and 3 nagas.

Vanquished Creatures
  Bai Suzhen (Snake:3)
  Rupert (D:14)
  Kirke (D:14)
  Gastronok (Lair:2)
  Louise (D:15)
  An orc warlord (Orc:2)
  Nessos (D:15)
  An ettin (D:15)
  A fire dragon (Lair:5)
  A rakshasa (D:15)
  3 ogre magi (Orc:2)
  3 boulder beetles
  7 anacondas
  9 hydras
  A catoblepas (D:15)
  3 naga warriors
  3 centaur warriors
  3 tengu warriors (D:15)
  15 death yaks
  A naga sharpshooter (Snake:3)
  Urug (D:14)
  5 shock serpents
  4 salamander mystics
  A deep troll (D:15)
  A lindwurm (Lair:5)
  A deep elf pyromancer (D:8)
  2 necromancers (D:15)
  9 ugly things
  3 mana vipers
  7 orc sorcerers (Orc:2)
  3 orc knights
  10 salamanders
  6 cyclopes
  4 manticores
  17 slime creatures
  12 elephants
  A merfolk siren (Lair:2)
  6 naga magi
  3 guardian serpents
  7 torpor snails
  24 black mambas
  An unseen horror (D:10)
  2 gargoyles
  8 cane toads
  A rime drake (shapeshifter) (D:10)
  3 rime drakes
  A yaktaur (D:10)
  Maggie (D:6)
  A tengu conjurer (D:15)
  7 komodo dragons
  3 meliai (D:15)
  3 merfolk (Lair:2)
  8 trolls
  12 polar bears
  7 hornets (Lair:5)
  4 tyrant leeches (Lair:5)
  12 blink frogs
  A vampire (D:12)
  3 wyverns
  A centaur simulacrum (D:10)
  44 yaks
  A wraith (D:11)
  16 humans
  10 vampire mosquitoes
  Grum (Bailey)
  6 basilisks
  Menkaure (D:6)
  11 wargs
  17 nagas
  A swamp worm (shapeshifter) (D:13)
  Duvessa (D:6)
  30 water moccasins
  17 hell hounds (Lair:5)
  29 orc warriors
  An ice beast (D:7)
  A sky beast (D:7)
  15 black bears
  5 ogres
  28 wolves
  8 centaurs
  A kobold brigand (D:9)
  6 scorpions
  12 bullfrogs
  8 gnoll sergeants (Bailey)
  5 wights (D:8)
  Dowan (D:6)
  12 killer bees (D:10)
  A vampire bat (D:5)
  4 howler monkeys (D:8)
  5 jellies
  4 hounds
  18 orc priests
  6 gnoll boudas
  7 iguanas
  45 orc wizards
  4 hell rats (Lair:4)
  15 adders
  20 gnolls
  2 white imps
  3 ufetubi
  4 dart slugs
  3 fire bats (D:5)
  94 orcs
  2 spectral bats (D:5)
  10 ball pythons
  A bat simulacrum (D:5)
  3 bat skeletons (D:5)
  A bat zombie (D:5)
  12 endoplasms
  3 giant cockroaches
  9 goblins
  3 hobgoblins
  13 kobolds
  3 quokkas
  14 bats
  5 frilled lizards
  15 rats
881 creatures vanquished.

Vanquished Creatures (others)
  2 orc wizards (Orc:2)
  A quokka (D:12)
  49 fungi
  83 plants
135 creatures vanquished.

Grand Total: 1016 creatures vanquished

Notes
Turn   | Place    | Note
-------+----------+-------------------------------------------
     0 | D:1      | Flugkiller the Minotaur Fighter began the quest for the
                  | Orb.
     0 | D:1      | Reached XP level 1. HP: 19/19 MP: 0/0
   251 | D:1      | Reached skill level 3 in Axes
   251 | D:1      | Reached XP level 2. HP: 27/27 MP: 1/1
  1252 | D:2      | Reached XP level 3. HP: 25/33 MP: 2/2
  1598 | D:2      | Reached skill level 4 in Axes
  1613 | D:2      | Reached XP level 4. HP: 40/40 MP: 3/3
  1659 | D:2      | Found a faded altar of an unknown god.
  2136 | D:3      | Found a sparkling altar of Nemelex Xobeh.
  2365 | D:3      | Found a glowing drain.
  2379 | Sewer    | Entered a sewer
  2497 | Sewer    | Reached XP level 5. HP: 29/47 MP: 4/4
  3275 | D:3      | Reached skill level 5 in Axes
  3510 | D:4      | Identified the ring of Nuemp {Fire *Slow rElec Str+7 Dex+3}
  3629 | D:4      | Found a basalt altar of Yredelemnul.
  3632 | D:4      | Found a stormy altar of Qazlal.
  3742 | D:4      | Became a worshipper of Qazlal Stormbringer
  4005 | D:4      | Found a burning altar of Makhleb.
  4490 | D:4      | Found a sacrificial altar of Ru.
  4820 | D:5      | Entered Level 5 of the Dungeon
  4836 | D:5      | Found a staircase to the Ecumenical Temple.
  4844 | D:5      | Reached skill level 5 in Fighting
  4844 | D:5      | Reached skill level 5 in Armour
  4844 | D:5      | Reached skill level 1 in Invocations
  4844 | D:5      | Reached XP level 6. HP: 44/56 MP: 5/5
  4928 | D:5      | Reached skill level 6 in Axes
  5234 | D:5      | Found a radiant altar of Vehumet.
  5238 | D:5      | Noticed an orc warrior
  5248 | D:5      | Killed an orc warrior
  5249 | D:5      | Reached XP level 7. HP: 29/61 MP: 7/7
  5739 | D:5      | Reached skill level 7 in Axes
  5817 | D:5      | Reached * piety under Qazlal
  6205 | D:6      | Reached XP level 8. HP: 59/71 MP: 9/9
  6302 | D:6      | Noticed Menkaure
  6310 | D:6      | Killed Menkaure
  6311 | D:6      | Reached skill level 8 in Axes
  6565 | D:6      | Noticed Dowan
  6567 | D:6      | Noticed Duvessa
  6568 | D:6      | Killed Dowan
  6576 | D:6      | Killed Duvessa
  7174 | D:6      | Noticed Maggie
  7185 | D:6      | Killed Maggie
  7186 | D:6      | Reached skill level 9 in Axes
  7575 | D:6      | Reached ** piety under Qazlal
  7823 | D:6      | Found a broken altar of Ashenzari.
  7827 | D:6      | Reached XP level 9. HP: 79/79 MP: 11/11
  7831 | D:6      | Found a glowing golden altar of the Shining One.
  7876 | D:7      | Found a hazy altar of Hepliaklqana.
  8108 | D:7      | Found a flagged portal.
  8127 | Bailey   | Entered a bailey
  8525 | Bailey   | Reached skill level 10 in Axes
  8678 | Bailey   | Reached skill level 5 in Invocations
  9127 | Bailey   | Noticed Grum
  9149 | Bailey   | Killed Grum
  9150 | Bailey   | Reached skill level 11 in Axes
 10267 | D:7      | Reached XP level 10. HP: 86/90 MP: 13/13
 10409 | D:7      | Found a hide-covered altar of Uskayaw.
 10411 | D:7      | Found a shimmering blue altar of Sif Muna.
 11207 | D:8      | Noticed a deep elf pyromancer
 11214 | D:8      | Killed a deep elf pyromancer
 11273 | D:8      | Reached skill level 12 in Axes
 11788 | D:9      | Reached *** piety under Qazlal
 11796 | D:9      | Found a staircase to the Lair.
 12107 | D:9      | Reached skill level 13 in Axes
 12197 | D:9      | Found a bloodstained altar of Trog.
 12253 | D:9      | Reached skill level 10 in Fighting
 12312 | D:9      | Found a glowing silver altar of Zin.
 12377 | D:9      | Found a transporter.
 12404 | D:9      | Reached skill level 10 in Armour
 12404 | D:9      | Reached XP level 11. HP: 84/99 MP: 15/15
 12549 | D:9      | Found Fauxte's Magic Scroll Boutique.
 12553 | D:9      | Bought a scroll of fear for 48 gold pieces
 12553 | D:9      | Bought a scroll of identify for 24 gold pieces
 12553 | D:9      | Bought a scroll of identify for 24 gold pieces
 12553 | D:9      | Bought a scroll of identify for 24 gold pieces
 12553 | D:9      | Bought a scroll of magic mapping for 90 gold pieces
 12553 | D:9      | Bought a scroll of magic mapping for 90 gold pieces
 12629 | D:9      | Found a transporter.
 12631 | D:9      | Noticed a boulder beetle
 12689 | D:10     | Entered Level 10 of the Dungeon
 12705 | D:10     | Found a staircase to the Orcish Mines.
 12723 | D:10     | Noticed an eight-headed hydra
 12724 | D:10     | Noticed a white ugly thing
 12731 | D:10     | Killed a ten-headed hydra
 12735 | D:10     | Killed a white ugly thing
 13036 | D:10     | Noticed a tengu warrior
 13036 | D:10     | Noticed a two-headed ogre
 13038 | D:10     | Noticed PeterMcNeter's ghost (journeyman MiFi)
 13042 | D:10     | Found a transporter.
 13047 | D:10     | Found a transporter.
 13048 | D:10     | Found a bloodstained altar of Trog.
 13059 | D:10     | Noticed a two-headed ogre
 13099 | D:10     | Reached **** piety under Qazlal
 13151 | D:10     | Identified the +8 quarterstaff "Xisirar" {venom, rElec rC+
                  | Will+}
 13476 | D:10     | Reached skill level 14 in Axes
 13925 | D:9      | Killed a boulder beetle
 14126 | D:11     | Identified the +1 trident "Ybiudew" {flame, rElec rPois rF+
                  | rCorr}
 14386 | D:11     | Identified the ring of Jusuntaa {rF+ AC+4}
 14570 | D:11     | Found Fethyrph's Weapon Emporium.
 14627 | Lair:1   | Entered Level 1 of the Lair of Beasts
 14893 | Lair:1   | Found a white marble altar of Elyvilon.
 14918 | Lair:1   | Reached XP level 12. HP: 81/110 MP: 17/17
 14919 | Lair:1   | Reached skill level 15 in Axes
 14919 | Lair:1   | Reached skill level 1 in Evocations
 15839 | Lair:2   | Noticed Gastronok
 15848 | Lair:2   | Killed Gastronok
 15883 | Lair:2   | HP: 1/111 [komodo dragon (15)]
 16305 | Lair:2   | Noticed a death yak
 16305 | Lair:2   | Noticed a death yak
 16305 | Lair:2   | Noticed a death yak
 16305 | Lair:2   | Noticed a death yak
 16305 | Lair:2   | Noticed a death yak
 16305 | Lair:2   | Noticed a death yak
 16310 | Lair:1   | Killed a death yak
 16343 | Lair:2   | Killed a death yak
 16360 | Lair:1   | Killed a death yak
 16364 | Lair:1   | Killed a death yak
 16365 | Lair:1   | Reached skill level 16 in Axes
 16512 | Lair:1   | Killed a death yak
 16515 | Lair:1   | Killed a death yak
 16666 | Lair:2   | Reached ***** piety under Qazlal
 16701 | Lair:2   | Found a staircase to the Snake Pit.
 16927 | Lair:2   | Found a staircase to the Shoals.
 17517 | Lair:3   | Reached XP level 13. HP: 112/119 MP: 19/19
 18998 | Lair:3   | Identified a scroll of acquirement
 18999 | Lair:3   | Acquired 1037 gold pieces
 19258 | Lair:4   | Reached skill level 17 in Axes
 19319 | Lair:4   | Found a staircase to the Slime Pits.
 19434 | Lair:4   | Reached skill level 10 in Invocations
 19650 | Lair:4   | Identified the +4 flail "Komn" {freeze, rF+ Int+4}
 20022 | Lair:5   | Entered Level 5 of the Lair of Beasts
 20041 | Lair:5   | Reached skill level 5 in Evocations
 20434 | Lair:5   | Found a runed translucent door.
 20437 | Lair:5   | Noticed a fire dragon
 20760 | Lair:5   | Reached skill level 18 in Axes
 20772 | Lair:5   | Reached XP level 14. HP: 98/129 MP: 20/20
 21258 | Lair:5   | Reached ****** piety under Qazlal
 21571 | Lair:5   | Reached skill level 15 in Fighting
 21571 | Lair:5   | Reached skill level 15 in Armour
 22287 | Lair:5   | Acquired a manual of Invocations
 22803 | D:12     | Found a white marble altar of Elyvilon.
 23571 | D:13     | Found Duthes's Assorted Antiques.
 23583 | D:13     | Bought a shiny tower shield for 255 gold pieces
 23583 | D:13     | Bought a crude ivory ring for 170 gold pieces
 23583 | D:13     | Identified the ring "Niox" {+Blink rF+ rC+ Str+3} (You
                  | bought it in a shop on level 13 of the Dungeon)
 23585 | D:13     | Reached XP level 15. HP: 141/141 MP: 20/23
 23796 | D:13     | Found the +18 shield of the Gong {rElec rN+ Will+ EV-5}
 23863 | D:13     | Reached skill level 5 in Shields
 24166 | D:13     | You fall into a shaft and drop 2 floors!
 24166 | D:15     | Entered Level 15 of the Dungeon
 24180 | D:15     | Noticed Nessos
 24204 | D:15     | Killed Nessos
 24207 | D:15     | Reached XP level 16. HP: 76/149 MP: 7/24
 24214 | D:15     | Noticed Louise
 24234 | D:15     | Killed Louise
 24260 | D:14     | Noticed Urug
 24260 | D:14     | Noticed Rupert
 24260 | D:14     | Found a gate to the Vaults.
 24279 | D:15     | Reached skill level 10 in Shields
 24712 | D:15     | Identified Roxanne's Exposition on Evolution
 24712 | D:15     | Noticed Roxanne
 25058 | D:15     | Found a staircase to the Depths.
 25790 | D:14     | Killed Urug
 25791 | D:14     | Killed Rupert
 26517 | D:14     | Noticed Kirke
 26525 | D:14     | Killed Kirke
 26985 | Orc:1    | Entered Level 1 of the Orcish Mines
 27912 | Orc:2    | Entered Level 2 of the Orcish Mines
 27963 | Orc:2    | Found a staircase to the Elven Halls.
 28716 | Orc:2    | Found Tim Byi's Book Shop.
 28736 | Orc:2    | Found a radiant altar of Vehumet.
 28741 | Orc:2    | Found Fegucowi's Distillery.
 28749 | Orc:2    | Bought a potion of haste for 110 gold pieces
 28749 | Orc:2    | Bought a potion of cancellation for 88 gold pieces
 28751 | Orc:2    | Found an ancient bone altar of Kikubaaqudgha.
 28772 | Orc:2    | Found Nialu's Antique Armour Shop.
 28793 | Orc:2    | Found Faoriuz's Book Boutique.
 29015 | Snake:1  | Entered Level 1 of the Snake Pit
 29036 | Snake:1  | Reached skill level 15 in Shields
 29956 | Snake:3  | Reached XP level 17. HP: 149/158 MP: 26/26
 30079 | Snake:4  | Entered Level 4 of the Snake Pit
 30084 | Snake:4  | Noticed Bai Suzhen
 30521 | Snake:3  | Killed Bai Suzhen
 30861 | Snake:4  | Mangled by a naga warrior

Illustrated notes

Levels and vault maps discovered:
D:1:      lemuel_arrival_behind_the_door_small, layout_basic,
          lexackson_kobold_supper
D:2:      layout_basic, basic_ecumenical_altar
D:3:      layout_loops_corners, lemuel_tele_altar, cheibrodos_sewer_entry_drain,
          minivault_23, minivault_4
D:4:      layout_basic, marbit_many_paths, general_overflow_altar,
          nicolae_overflow_squiral, minivault_11
D:5:      layout_loops_cross, vehumet_statue, minmay_temple_entry_stoned_glass,
          goddamned_bats
D:6:      layout_loops_ring, minitemple, uniq_menkaure, uniq_maggie,
          uniq_duvessa
D:7:      layout_basic, nzn_hepliaklqana_mist_gate,
          chequers_temple_overflow_statue_of_worship, enter_bailey_5
D:8:      layout_layer_cave, serial_park_tiny_1
D:9:      gammafunk_boulding_lane, layout_irregular_city,
          trog_three_pillars_becter, zin_scriptorium,
          due_lair_maze_entry_diamond, serial_shops, shop,
          kennysheep_generic_room_6
D:10:     minmay_tri_box, layout_loops_ring, orc_0_dummy,
          gammafunk_ghost_wrathful_warriors
D:11:     layout_rooms, serial_shops, kennysheep_mini
D:12:     layout_irregular_city, elyvilon_altar_4
D:13:     layout_grid_maze, serial_shops, nicolae_shop_hallway_plus
D:14:     layout_long_grid, david_vaults_3, nicolae_cairo_tiling_large_dashed,
          hex_tiny, uniq_kirke
D:15:     hangedman_depths_entry_civil_slaughter, layout_layer_cave,
          eino_curves_03, uniq_nessos, uniq_roxanne, uniq_louise
Lair:1:   layout_cave_pods, basic_altar, grunt_megastairs_4
Lair:2:   layout_regular_city, elwin_shoals_entry_stream,
          minmay_snake_entry_six_corridors, uniq_gastronok
Lair:3:   layout_layer_cave, nicolae_quartered_pool_impasse
Lair:4:   layout_small_grid, nicolae_slime_entry_slimehenge
Lair:5:   wormcave, layout_gridlike, hangedman_lair_caniforms_friends
Snake:1:  gammafunk_sealed_library, layout_basic, nicolae_snake_single_loop
Snake:2:  nicolae_snake_attic_fulla_snakes, layout_onion, nicolae_stop_n_shop_1,
          grunt_megastairs_1
Snake:3:  layout_rooms
Snake:4:  johnstein_snake_rune_scales, layout_rooms, ebering_ghost_gozag,
          st_stairs_11, nicolae_shop_self_help, uniq_donald, uniq_bai_suzhen
Orc:1:    minmay_goldmine, layout_caves
Orc:2:    kennysheep_orc_mage_school, layout_diamond_mine

Skill      XL: |  1  2  3  4  5  6  7  8  9 10 11 12 13 14 15 16 17 |
---------------+----------------------------------------------------+-----
Axes           | 3 4 5 6 7 9 11 13 14 16 18 | 18.0
Armour         | 4 5 6 7 8 10 11 12 13 15 16 | 16.3
Fighting       | 4 5 6 7 8 10 11 12 13 15 16 | 16.3
Invocations    | 1 2 3 4 5 7 8 9 10 13 14 | 14.3
Evocations     | 3 5 6 7 |  7.2
Shields        | 4 8 15 | 15.8

Action                   |  1- 3 |  4- 6 |  7- 9 | 10-12 | 13-15 | 16-18 || total
-------------------------+-------+-------+-------+-------+-------+-------++-------
Melee: War axe           |    69 |   111 |   214 |       |       |       ||   394
       Headbutt          |     6 |    14 |    52 |   101 |   179 |   162 ||   514
       Broad axe         |       |       |    25 |   423 |   566 |   594 ||  1608
Invok: Upheaval          |       |       |     5 |       |       |       ||     5
       Disaster Area     |       |       |       |       |     2 |     4 ||     6
Evoke: Wand              |       |       |    15 |       |       |     3 ||    18
       Condenser vane    |       |       |       |     1 |       |     1 ||     2
  Use: Scroll            |       |       |    11 |    12 |     8 |     4 ||    35
       Potion            |       |       |     1 |     1 |     1 |     1 ||     4
 Stab: Petrified         |       |       |       |       |     1 |       ||     1
Armor: Scale mail        |    42 |    39 |     2 |       |       |       ||    83
       Plate armour      |       |       |   134 |       |       |       ||   134
       Crystal plate arm |       |       |    11 |   239 |   335 |   160 ||   745
Dodge: Dodged            |    34 |    52 |    94 |   114 |    96 |    20 ||   410
       Repelled          |       |       |       |     2 |     2 |     1 ||     5
Block: Buckler           |    11 |    28 |   127 |   205 |   276 |       ||   647
       Kite shield       |       |       |       |       |    77 |   767 ||   844

Table legend: (Time is in decaauts)
 A = Elapsed time spent in this place.
 B = Non-inter-level travel time spent in this place.
 C = Inter-level travel time spent in this place.
 D = Time resting spent in this place.
 E = Time spent auto-exploring this place.
 F = Levels seen in this place.
 G = Mean time per level.
                   A        B        C        D        E       F      G
               +--------+--------+--------+--------+--------+-----+--------+
         Total |  30762 |  29618 |   1144 |   3581 |  22210 |  28 | 1098.6 |
       Dungeon |  16818 |  16073 |    745 |   1148 |  13069 |  15 | 1121.2 |
          Lair |   7677 |   7424 |    253 |    531 |   6005 |   5 | 1535.4 |
     Snake Pit |   1789 |   1760 |     29 |    727 |    675 |   4 |  447.2 |
  Orcish Mines |   1915 |   1799 |    116 |      0 |   1488 |   2 |  957.5 |
         Sewer |    559 |    559 |      0 |      0 |    424 |   1 |  559.0 |
        Bailey |   2001 |   2001 |      0 |   1175 |    549 |   1 | 2001.0 |
               +--------+--------+--------+--------+--------+-----+--------+

Top non-repeatable levels by time:
  Lair:5: 2232 daAuts
  Bailey: 2001 daAuts
     D:6: 1687 daAuts
  Lair:1: 1678 daAuts
    D:15: 1600 daAuts
  Lair:3: 1589 daAuts
     D:5: 1392 daAuts
     D:4: 1331 daAuts
     D:9: 1304 daAuts
  Lair:2: 1195 daAuts
     D:1: 1154 daAuts
    D:10: 1120 daAuts
    D:13: 1035 daAuts
   Orc:2: 994 daAuts
    D:12: 983 daAuts
